 Dungeon Crawl Stone Soup version 0.29.1-4-g47bece8355 (webtiles) character file.

Game seed: 11894345282456864652

138 Lutefisk the Insei (level 5, -3/37 (39) HPs)
             Began as an Octopode Transmuter on Dec 3, 2022.
             Slain by an orc
             ... wielding a +3 trident of protection
              (12 damage)
             ... on level 4 of the Dungeon.
             The game lasted 00:10:45 (1454 turns).

Lutefisk the Insei (Octopode Transmuter)            Turns: 1454, Time: 00:10:45

HP:   -3/37 (39)    AC:  1    Str:  9      XL:     5   Next: 21%
MP:   7/8           EV: 14    Int: 15      God:
Gold: 202           SH:  0    Dex: 14 (15) Spells: 2/8 levels left

rFire   . . .      SeeInvis .     - Unarmed
rCold   . . .      Faith    .   (no shield)
rNeg    . . .      Spirit   .   m - +0 hat
rPois   +          Reflect  .   (no amulet)
rElec   .          Harm     .   (no ring)
rCorr   .          Rampage  .   (no ring)
Will    .....                   (no ring)
Stlth   +++.......              (no ring)
HPRegen 0.12/turn               (no ring)
MPRegen 0.11/turn               (no ring)
                                (no ring)
                                (no ring)

@: wereblooded (expiring), drained
A: almost no armour, amphibious, 8 rings, camouflage 1, gelatinous body 1,
(nimble swimmer 1), tentacles, poison resistance, robust 1, no potion heal 1
a: no special abilities


You were on level 4 of the Dungeon.
You visited 1 branch of the dungeon, and saw 4 of its levels.

You collected 202 gold pieces.

Inventory:

Missiles
 h - 17 stones (quivered)
Armour
 m - a +0 hat (worn)
Magical Staves
 p - a staff of air
Scrolls
 c - a scroll of acquirement {unknown}
 d - a scroll of enchant armour {unknown}
 f - a scroll of teleportation {unknown}
 g - a scroll of amnesia {unknown}
 i - a scroll of identify {unknown}
 j - 2 scrolls of enchant weapon {unknown}
 l - a scroll of vulnerability {unknown}
 o - 2 scrolls of magic mapping {unknown}
 q - a scroll of butterflies {unknown}
 r - a scroll of fear {unknown}
Potions
 a - 2 potions of lignification
 b - 2 potions of mutation
 k - a potion of haste {unknown}
 n - a potion of ambrosia {unknown}


   Skills:
 * Level 3.0 Fighting
 - Level 3.0 Dodging
 - Level 1.0 Stealth
 - Level 3.0 Unarmed Combat
 - Level 2.0 Spellcasting
 * Level 2.9 Transmutations
 - Level 2.0 Poison Magic


You had 2 spell levels left.
You knew the following spells:

 Your Spells              Type           Power      Damage    Failure   Level
a - Beastly Appendage     Tmut           20%        N/A       7%          1
b - Wereblood             Tmut           10%        N/A       11%         2
c - Spider Form           Tmut/Pois      8%         N/A       24%         3

Your spell library contained the following spells:

 Spells                   Type           Power      Damage    Failure   Level
 Ice Form                 Ice/Tmut       5%         N/A       77%         4


Dungeon Overview and Level Annotations

Branches:
Dungeon (4/15)
 Temple: D:4-7

Altars:
Yredelemnul

Annotations:
D:4 Eustachio


Innate Abilities, Weirdness & Mutations

You cannot wear most types of armour.
You are amphibious.
You can wear up to eight rings at the same time.
Your skin changes colour to match your surroundings (Stealth+).
Your rubbery body absorbs attacks. (AC +1, EV +1)
((You are camouflaged when in or above water. (Stealth+)))
You have tentacles for arms and can constrict up to eight enemies at once.
Your system is resistant to poisons. (rPois)
You are robust. (+10% HP)
Potions are less effective at restoring your health.


Message History

The orc is heavily wounded.
You howl as the wereblood boils in your veins!
You constrict the orc. The orc closely misses you.
You tentacle-slap the orc.
You feel a bit better.
You kill the orc!
Press: ? - help, v - describe, . - travel, g - get item
Here: an orc, wielding a +3 trident of protection, wearing a +0 scale mail and quivering boomerangs
Items here: ( )) ? [ †.
An open door.
Unknown command.
You tentacle-slap the orc. You grab the orc.
The orc is lightly wounded.
You constrict the orc. The orc misses you.
The orc hits you from afar with a +3 trident of protection!
You tentacle-slap the orc. You squeeze the orc.
You feel a bit better.
You kill the orc!
The orc hits you from afar with a +3 trident of protection!
* * * LOW HITPOINT WARNING * * *
The orc throws a boomerang.
The boomerang hits you but does no damage.
The orc throws a boomerang.
The boomerang hits you.
* * * LOW HITPOINT WARNING * * *
Okay, then.
Okay, then.
You howl as the wereblood boils in your veins!
Your tentacle spike disappears.
Your +0 hat unmelds from your body.
Your primal bloodlust is almost over.
It was a potion of mutation.
You feel extremely strange.
You feel robust.
You feel resistant to poisons.
Your system partially rejects the healing effects of potions.
Unknown command.
Okay, then.
Okay, then.
Unknown command.
It was a potion of curing.
Your system partially rejects the healing.
You feel better.
The orc hits you from afar with a +3 trident of protection!
You die...

#.# #.# ##### #.#
#.... ##### #.# #....
#...# #.# #.... #...#
#.# #.... #...# #.#
#....#####o..# #.#
+....))..o..@##### #.#
#...)#######....^#####
#.# #.... #####.....#
#.# #...o
#.....##.######.#
....o.
...'.....+....)...>#
####o..
####.....##....###.#
#... #.....#####.# #.#
.o.. #.....# #.# ..+
#.....# #.# #.#


You could see 2 orcs.

Vanquished Creatures
  Natasha (twice) (D:2)
  2 adders (D:3)
  14 orcs
  4 bats
  3 endoplasms
  A giant cockroach (D:2)
  2 goblins
  5 hobgoblins
  3 jackals (D:1)
  6 kobolds
  A quokka (D:1)
  3 ball pythons
  4 frilled lizards
  6 rats
56 creatures vanquished.

Notes
Turn   | Place    | Note
-------+----------+-------------------------------------------
     0 | D:1      | Lutefisk the Octopode Transmuter began the quest for the
                  | Orb.
     0 | D:1      | Reached XP level 1. HP: 13/13 MP: 3/3
    60 | D:1      | Reached XP level 2. HP: 18/19 MP: 3/5
    76 | D:1      | Learned a level 2 spell: Wereblood
   114 | D:1      | Found a faded altar of an unknown god.
   443 | D:1      | Reached XP level 3. HP: 16/25 MP: 4/6
   453 | D:1      | Learned a level 3 spell: Spider Form
   590 | D:2      | Reached skill level 1 in Poison Magic
   810 | D:2      | Noticed Natasha
   815 | D:2      | Killed Natasha
   816 | D:2      | Reached skill level 1 in Stealth
   816 | D:2      | Reached XP level 4. HP: 25/31 MP: 7/7
   833 | D:2      | Noticed Natasha
   845 | D:2      | Killed Natasha
  1024 | D:3      | Reached XP level 5. HP: 28/36 MP: 6/8
  1207 | D:4      | Found a basalt altar of Yredelemnul.
  1271 | D:4      | Noticed Eustachio
  1451 | D:4      | Gained mutation: You are robust. (+10% HP) [potion of
                  | mutation]
  1451 | D:4      | Gained mutation: Your system is resistant to poisons.
                  | (rPois) [potion of mutation]
  1451 | D:4      | Gained mutation: Potions are less effective at restoring
                  | your health. [potion of mutation]
  1454 | D:4      | Slain by an orc

Illustrated notes

Levels and vault maps discovered:
D:1:      erik_arrival_triangle_medium, layout_rooms,
          nicolae_ecumenical_lake_church, due_unseen_surprise
D:2:      layout_basic, uniq_natasha
D:3:      layout_basic
D:4:      layout_basic, mainiacjoe_overflow_concentric_impassable,
          uniq_menkaure, uniq_eustachio

Skill      XL: |  1  2  3  4 |
---------------+-------------+-----
Fighting       | 2 3 |  3.0
Poison Magic   | 2 |  2.0
Stealth        | 1 |  1.0
Dodging        | 3 |  3.0
Unarmed Combat | |  3.0
Spellcasting   | |  2.0
Transmutations | |  2.9

Action                   |  1- 3 |  4- 6 || total
-------------------------+-------+-------++-------
Melee: Unarmed           |    80 |    55 ||   135
       Tentacles         |    16 |    11 ||    27
       Kick              |    24 |    17 ||    41
       Constrict         |    22 |    17 ||    39
       Punch             |     2 |     2 ||     4
Throw: Stone             |     4 |     5 ||     9
 Cast: Beastly Appendage |    11 |     8 ||    19
       Wereblood         |     1 |     1 ||     2
       Spider Form       |       |     1 ||     1
  Use: Potion            |       |     2 ||     2
 Stab: Sleeping          |     4 |     3 ||     7
Armor: Skin              |     8 |     9 ||    17
Dodge: Dodged            |    28 |    50 ||    78
